 Dungeon Crawl Stone Soup version 0.31-a0-833-gc15d34cb79 (webtiles) character file.

Game seed: 5755079557307520562

33 Bravepunisher the Ducker (level 3, 0/19 HPs)
             Began as a Spriggan Monk on Sept 25, 2023.
             Was a Believer of Makhleb.
             Killed by divine providence
             ... invoked by an orc priest
              (17 damage)
             ... on level 4 of the Dungeon.
             The game lasted 00:01:30 (222 turns).

Bravepunisher the Ducker (Spriggan Monk)             Turns: 222, Time: 00:01:30

Health: 0/19       AC:  2    Str:  7    XL:     3   Next: 12%
Magic:  5/5        EV: 19    Int: 11    God:    Makhleb [**....]
Gold:   0          SH:  0    Dex: 19    Spells: 2/2 levels left

rFire   . . .        a - +0 short sword
rCold   . . .        (no shield)
rNeg    . . .        b - +0 robe
rPois   .            (helmet restricted)
rElec   .            (no cloak)
rCorr   .            (gloves unavailable)
SInv    +            (boots unavailable)
Will    .....        (no amulet)
Stlth   ++           (no ring)
HPRegen 0.23/turn    (no ring)
MPRegen 0.09/turn

%: no passive effects
@: very quick
A: very small, no large weapons, unfitting armour, see invisible, speed 3
a: Renounce Religion, Minor Destruction


You were on level 4 of the Dungeon.
You worshipped Makhleb.
Makhleb was pleased with you.
You visited 2 branches of the dungeon, and saw 5 of its levels.

Inventory:

Hand Weapons
 a - a +0 short sword (weapon)
Armour
 b - a +0 robe (worn)
Potions
 c - a potion of ambrosia


   Skills:
 + Level 2.9 Fighting
 - Level 3.2 Short Blades
 + Level 4.5 Dodging
 * Level 1.5 Invocations


You had 2 spell levels left.
You didn't know any spells.
Your spell library was empty.

Dungeon Overview and Level Annotations

Branches:
Dungeon (5/15)             Temple (1/1) D:4

Altars:
Ashenzari
Cheibriados
Dithmenos
Fedhas
Gozag
Hepliaklqana
Kikubaaqudgha
Makhleb
Nemelex Xobeh
Okawaru
Qazlal
Sif Muna
Trog
Uskayaw
Vehumet
Wu Jian


Innate Abilities, Weirdness & Mutations

You are very small and have problems with some larger weapons.
You are too small for most types of armour.
You have supernaturally acute eyesight. (SInv)
You cover ground extremely quickly. (Speed+++)


Message History

Increase (S)trength, (I)ntelligence, or (D)exterity?
You feel agile. x2
Aiming: Minor Destruction (13% risk of failure)
Press: ? - help, Shift-Dir - straight line, f - orc
Aim: an orc, wielding a +0 dagger The orc writhes in agony.
You completely miss the orc.
The orc is lightly wounded.
The orc hits you with a +0 dagger.
You closely miss the orc.
The orc is lightly wounded.
The orc closely misses you.
Aiming: Minor Destruction (13% risk of failure)
Press: ? - help, Shift-Dir - straight line, f/p - orc
Aim: an orc, wielding a +0 dagger (lightly wounded)
The stone arrow misses the orc.
The orc hits you with a +0 dagger.
You hit the orc but do no damage.
The orc is lightly wounded.
The orc closely misses you.
Aiming: Minor Destruction (13% risk of failure)
Press: ? - help, Shift-Dir - straight line, f/p - orc
Aim: an orc, wielding a +0 dagger (lightly wounded)
The glob of acid hits the orc!
You kill the orc!
Makhleb accepts your kill.
There is a staircase back to the Dungeon here.
You start resting.
Magic restored.
You climb upwards.
Welcome back to the Dungeon!
The quokka completely misses you. The quokka barely misses you.
The goblin hits you with a +0 dagger.
There is a staircase to the Ecumenical Temple, spattered with blood here.
Unknown command.
The orc shouts!
The goblin misses you.
The orc priest miscasts a cantrip.
The orc priest invokes the aid of Beogh against you.
Beogh smites you!
Ouch! That really hurt!
You die...

#....#........>....
##................J..
##....#............... .#.
#..................$.....#. ..
#......#$................. ...
#..>...#.##$......o...... ...
#.........##........#..$##..
..............<........#.#..# #
#.............?.@.#o#..#....#.##
#........###....#.#..##....#....
#......$.. #....#..r..g.>......?
........####...####..#....##..##
###...... #....# #.#....#..#
##.... .....## #.#..#.#....#
....## #..##...#..## >...
.............. ..##....###..#..


You could see an orc priest, an endoplasm and a quokka.

Vanquished Creatures
  An orc wizard (Temple)
  A dart slug (D:1)
  An orc (Temple)
  3 hobgoblins
6 creatures vanquished.

Notes
Turn   | Place    | Note
-------+----------+-------------------------------------------
     0 | D:1      | Bravepunisher the Spriggan Monk began the quest for the
                  | Orb.
     0 | D:1      | Reached XP level 1. HP: 11/11 MP: 2/2
   120 | D:2      | You fall into a shaft and drop 2 floors!
   124 | D:5      | Entered Level 5 of the Dungeon
   139 | D:4      | Found a staircase to the Ecumenical Temple.
   140 | D:4      | Noticed an orc wizard
   151 | D:4      | Noticed an orc priest
   153 | Temple   | Entered the Ecumenical Temple
   161 | Temple   | Became a worshipper of Makhleb the Destroyer
   161 | Temple   | Reached * piety under Makhleb
   161 | Temple   | Reached ** piety under Makhleb
   172 | Temple   | Killed an orc wizard
   173 | Temple   | Reached skill level 1 in Invocations
   173 | Temple   | Reached XP level 2. HP: 15/16 MP: 2/4
   173 | Temple   | Reached XP level 3. HP: 18/19 MP: 2/5
   222 | D:4      | Killed from afar by an orc priest

Illustrated notes

Levels and vault maps discovered:
D:1:      dpeg_arrival_radiant, layout_loops_ring
D:2:      layout_rooms, nicolae_the_louvre
D:4:      minmay_chambers_of_threes, layout_cave_pools,
          minmay_temple_entry_mini_moons, minmay_cupped, uniq_ijyb
D:5:      layout_loops_ring, ebering_ghost_disaster_area, nicolae_hexahallways,
          hangedman_decor_points
Temple:   compressed_dpeg_triangle_lava_temple

Skill      XL: |  1 |
---------------+----+-----
Invocations    | 1 |  1.5
Fighting       | |  2.9
Short Blades   | |  3.2
Dodging        | |  4.5

Action                     || total
---------------------------++-------
  Melee: Short sword       ||    19
 Invoke: Minor Destruction ||     6
 Armour: Robe              ||     6
  Dodge: Dodged            ||    30

Table legend: (Time is in decaauts)
 A = Elapsed time spent in this place.
 B = Non-inter-level travel time spent in this place.
 C = Inter-level travel time spent in this place.
 D = Time resting spent in this place.
 E = Time spent auto-exploring this place.
 F = Levels seen in this place.
 G = Mean time per level.
                   A        B        C        D        E       F      G
               +--------+--------+--------+--------+--------+-----+--------+
         Total |    157 |    149 |      8 |     19 |     23 |   5 |   31.4 |
       Dungeon |    108 |    108 |      0 |      0 |     23 |   4 |   27.0 |
        Temple |     48 |     40 |      8 |     19 |      0 |   1 |   48.0 |
               +--------+--------+--------+--------+--------+-----+--------+

Top non-repeatable levels by time:
     D:1: 57 daAuts
  Temple: 48 daAuts
     D:4: 26 daAuts
     D:2: 23 daAuts
     D:5: 1 daAuts
